 Dungeon Crawl Stone Soup version 0.31-a0-152-g6aa68a64a1 (webtiles) character file.

Game seed: 11929902563145296141

257 qw the Chopper (level 6, -2/38 HPs)
             Began as a Gargoyle Fighter on June 11, 2023.
             Slain by an orc
             ... wielding a +0 mace
              (3 damage)
             ... on level 4 of the Dungeon.
             The game lasted 00:01:33 (2137 turns).

qw the Chopper (Gargoyle Fighter)                   Turns: 2137, Time: 00:01:34

Health: -2/38      AC: 12    Str: 22    XL:     6   Next: 16%
Magic:  6/6        EV:  9    Int:  8    God:
Gold:   154        SH:  4    Dex:  9    Spells: 5/5 levels left

rFire   . . .        Y - +1 war axe
rCold   . . .        c - +0 buckler
rNeg    + + .        b - +0 scale mail
rPois   inf          n - +0 helmet
rElec   +            (no cloak)
rCorr   .            (no gloves)
SInv    .            (no boots)
Will    .....        (no amulet) Stlth
                     i - ring of positive energy
HPRegen 0.26/turn    (no ring)
MPRegen 0.10/turn

%: no passive effects
@: about to teleport
A: sickness immunity, AC +4, negative energy resistance 1, electricity
resistance, torment resistance 1, petrification resistance
a: no special abilities


You were on level 4 of the Dungeon.
You visited 1 branch of the dungeon, and saw 4 of its levels.

You collected 154 gold pieces.


Innate Abilities, Weirdness & Mutations

You are immune to sickness and miasma.
Your stone body is resilient. (AC +4)
You are immune to poison.
You resist negative energy. (rN+)
You are resistant to electric shocks. (rElec)
You are resistant to unholy torment.
You are immune to petrification.


   Skills:
 - Level 4.2 Fighting
 + Level 5.0 Axes
 - Level 3.2 Armour
 - Level 1.0 Dodging
 - Level 3.2 Shields


You had 5 spell levels left.
You didn't know any spells.
Your spell library was empty.

Inventory:

Hand Weapons
 f - a +0 whip
 Y - a +1 war axe (weapon)
Armour
 b - a +0 scale mail (worn)
 c - a +0 buckler (worn)
 n - a +0 helmet (worn)
Jewellery
 i - a ring of positive energy (left hand)
 o - a ring of fire
Scrolls
 a - a scroll of identify
 g - 3 scrolls of teleportation
Potions
 d - 2 potions of might
 e - a potion of haste
 h - a potion of resistance
 j - a potion of heal wounds {unknown}
 k - a potion of mutation {unknown}
 l - a potion of lignification {unknown}

Dungeon Overview and Level Annotations

Branches:
Dungeon (4/15)
 Temple: D:4-7

Altars:


Message History

Your Dodging skill increases to level 1!
You barely miss the orc.
The orc is almost dead.
You hit the orc. You hit the orc wizard. The orc hits you but does no damage.
The orc wizard hits you but does no damage.
The orc hits you but does no damage. x3
The orc wizard gestures at you while chanting.
You are confused.
The orc hits you with a +0 mace. x2
The orc wizard hits you but does no damage.
The orc hits you but does no damage.
An orc comes into view. It is wielding a +0 club.
The orc hits you but does no damage.
The orc wizard gestures at you while chanting.
You resist with some effort. The orc closely misses you.
The orc shouts!
The orc hits you with a +0 mace.
The orc wizard hits you but does no damage.
The orc hits you with a +0 mace. The orc barely misses you.
The orc closely misses you. The orc hits you with a +0 mace.
The orc hits you with a +0 flail. The orc hits you but does no damage.
The orc wizard mumbles some strange words.
The orc wizard flickers and vanishes!
Deactivating autopickup; reactivate with Ctrl-A.
The orc hits you but does no damage. The orc hits you with a +0 mace.
The orc hits you but does no damage. x2
Something hits you but does no damage. The orc hits you with a +0 club.
The orc hits you with a +0 mace. Something hits you but does no damage.
The orc barely misses you. The orc hits you but does no damage. x2
You feel less confused. The orc hits you with a +0 mace.
The orc hits you but does no damage. The orc closely misses you.
Something hits you but does no damage. The orc closely misses you.
2137 ||| READING 4 scrolls of teleportation.
As you read the scroll of teleportation, it crumbles to dust.
You feel strangely unstable. The orc hits you with a +0 mace.
You die...

#. ##. #.
###....
#.##.......
#..........
###..........
##............
##....oo.......
#....%@{o......
#......oo.......
................
..............!.
................
................
..............##
.$..>.......##.#
###.....#### #.


You could see 5 orcs.

Vanquished Creatures
  2 orc priests (D:4)
  Ijyb (D:3)
  A sleepcap (D:4)
  An orc wizard (D:3)
  4 adders
  A worm (D:2)
  2 dart slugs
  3 orcs
  4 ball pythons
  5 endoplasms
  2 giant cockroaches
  10 hobgoblins
  8 jackals
  4 kobolds
  3 quokkas
  4 bats
  6 frilled lizards
  4 goblins
  7 rats
72 creatures vanquished.

Notes
Turn   | Place    | Note
-------+----------+-------------------------------------------
     0 | D:1      | qw the Gargoyle Fighter began the quest for the Orb.
     0 | D:1      | Reached XP level 1. HP: 14/14 MP: 1/1
     0 | D:1      | 0 ||| qw: Version: 0.2-a-29-gd901d54
     0 | D:1      | 0 ||| qw: Game counter: 4024
     0 | D:1      | 0 ||| qw: Always use a shield: true
     0 | D:1      | 0 ||| qw: God list: Okawaru
     0 | D:1      | 0 ||| qw: Allow faded altars: false
     0 | D:1      | 0 ||| qw: Do Orc after D:15 true
     0 | D:1      | 0 ||| qw: Do second Lair branch before Depths: true
     0 | D:1      | 0 ||| qw: Lair rune preference: random
     0 | D:1      | 0 ||| qw: Plans: Normal, Zot:1-4, Slime:5, God:TSO, Crypt,
                  | Tomb, Abyss, Pan, Hells, Win
     0 | D:1      | 0 ||| PLANNING D:1-11
    29 | D:1      | 29 ||| Stepping ~*~*~tactically~*~*~ (stealth).
    34 | D:1      | Reached skill level 2 in Axes
    91 | D:1      | 91 ||| DROPPING +0 club.
   123 | D:1      | Reached XP level 2. HP: 19/19 MP: 2/2
   221 | D:1      | Found a faded altar of an unknown god.
   415 | D:1      | Reached skill level 3 in Axes
   424 | D:1      | Reached XP level 3. HP: 22/23 MP: 3/3
   425 | D:1      | 425 ||| Stepping ~*~*~tactically~*~*~ (stealth).
   426 | D:1      | 426 ||| Stepping ~*~*~tactically~*~*~ (stealth).
   427 | D:1      | 427 ||| Stepping ~*~*~tactically~*~*~ (stealth).
   428 | D:1      | 428 ||| Stepping ~*~*~tactically~*~*~ (stealth).
   429 | D:1      | 429 ||| Stepping ~*~*~tactically~*~*~ (stealth).
   499 | D:1      | 499 ||| Stepping ~*~*~tactically~*~*~ (stealth).
   500 | D:1      | 500 ||| Stepping ~*~*~tactically~*~*~ (stealth).
   606 | D:1      | 606 ||| Stepping ~*~*~tactically~*~*~ (stealth).
   639 | D:1      | 639 ||| Stepping ~*~*~tactically~*~*~ (stealth).
   640 | D:1      | 640 ||| Stepping ~*~*~tactically~*~*~ (stealth).
   780 | D:1      | 780 ||| UPGRADING to ring of positive energy.
   781 | D:1      | 781 ||| READING scroll labelled ZOSOZAOG WICRA.
   782 | D:1      | 782 ||| READING 2 scrolls labelled QULARE MEIJIOT.
   787 | D:1      | 787 ||| DRINKING 2 bubbling puce potions.
  1014 | D:2      | 1014 ||| Stepping ~*~*~tactically~*~*~ (stealth).
  1015 | D:2      | 1015 ||| Stepping ~*~*~tactically~*~*~ (stealth).
  1021 | D:2      | Reached XP level 4. HP: 28/28 MP: 4/4
  1095 | D:2      | Reached skill level 4 in Axes
  1509 | D:2      | 1509 ||| UPGRADING to +0 helmet.
  1514 | D:2      | 1514 ||| READING 2 scrolls labelled HAKLAU ZEMN.
  1515 | D:2      | 1515 ||| READING scroll labelled ERANKOYWED.
  1516 | D:2      | 1516 ||| DRINKING 2 murky grey potions.
  1517 | D:2      | 1517 ||| READING 2 scrolls of identify.
  1517 | D:2      | 1517 ||| IDENTIFYING red potion
  1518 | D:2      | 1518 ||| DROPPING scroll of amnesia.
  1647 | D:3      | Noticed Ijyb
  1648 | D:3      | 1648 ||| DRINKING 2 potions of curing.
  1648 | D:3      | 1648 ||| (to cure confusion)
  1661 | D:3      | 1661 ||| DRINKING potion of curing.
  1661 | D:3      | 1661 ||| (to cure confusion)
  1687 | D:3      | Killed Ijyb
  1688 | D:3      | Reached XP level 5. HP: 28/32 MP: 5/5
  1798 | D:3      | 1798 ||| Stepping ~*~*~tactically~*~*~ (hiding).
  1975 | D:3      | Reached skill level 5 in Axes
  2075 | D:3      | 2075 ||| READING scroll labelled HISOOXZERIDWO.
  2125 | D:4      | Reached XP level 6. HP: 26/38 MP: 6/6
  2129 | D:4      | Reached skill level 1 in Dodging
  2133 | D:4      | HP: 8/38 [orc/+0 flail (3)]
  2135 | D:4      | HP: 3/38 [orc/+0 mace (1)]
  2136 | D:4      | HP: 1/38 [orc/+0 mace (3)]
  2137 | D:4      | 2137 ||| READING 4 scrolls of teleportation.
  2137 | D:4      | Slain by an orc

Levels and vault maps discovered:
D:1:      spicycebolla_green_bress_n_ham, layout_loops_ring,
          shapermc_ecumenical_altar_mp_vishouse
D:2:      layout_loops_ring, minmay_quantized
D:3:      layout_rooms, nicolae_overflow_hidden_temple, uniq_ijyb
D:4:      layout_layer_cave, nicolae_dithmenos_the_darkroom, uniq_eustachio

Skill      XL: |  1  2  3  4  5  6 |
---------------+-------------------+-----
Axes           | 2 3 4 5 |  5.0
Fighting       | 4 |  4.2
Dodging        | 1 |  1.0
Armour         | |  3.2
Shields        | |  3.2

Action                     |  1- 3 |  4- 6 || total
---------------------------+-------+-------++-------
  Melee: War axe           |   127 |   136 ||   263
    Use: Scroll            |     2 |     5 ||     7
         Potion            |     1 |     3 ||     4
 Armour: Scale mail        |    62 |    91 ||   153
  Dodge: Dodged            |    76 |    62 ||   138
  Block: Buckler           |    23 |    41 ||    64

Table legend:
 A = Non-vault XP
 B = Vault XP
 C = Vault XP percentage of total XP
 D = Non-vault monster count
 E = Vault monster count
 F = Vault count percentage of total count
                 A         B        C        D         E       F
            +---------+---------+-------+---------+---------+-------
      Total |     308 |      60 |  16.3 |      65 |       7 |   9.7
            +---------+---------+-------+---------+---------+-------
        D:1 |      43 |       0 |   0.0 |      26 |       0 |   0.0
        D:2 |      62 |      20 |  24.4 |      20 |       6 |  23.1
        D:3 |      73 |      40 |  35.4 |      14 |       1 |   6.7
        D:4 |     130 |       0 |   0.0 |       5 |       0 |   0.0
            +---------+---------+-------+---------+---------+-------
